[ PARTIDA AOE2 · #495310212 ]
UnrankedVikingos vs Italians
Equipo del jugador · VICT
Equipo rival · DERR
[ ANÁLISIS DE REPETICIÓN · EXTRAÍDO DE LA PARTIDA GRABADA ]
Feudal
9:56
Castillos
17:57
Imperial
32:40
| APM promedio | 49.8 |
| APM pico | 84 |
| eAPM promedio | 27.9 |
| Aldeanos / militares | 120 / 163 |
Foco
⚔️ 38.0% · 🌾 62.0%
Archer ×116 · Skirmisher ×34 · Fishing Ship ×22 · Mangonel ×9 · Monk ×2 · Galley ×1
Feudal
9:47
Castillos
20:09
Imperial
—
| APM promedio | 59.7 |
| APM pico | 104 |
| eAPM promedio | 20.0 |
| Aldeanos / militares | 108 / 120 |
Foco
⚔️ 41.7% · 🌾 58.3%
Archer ×49 · Knight ×35 · Skirmisher ×28 · Fishing Ship ×16 · Mangonel ×6 · Spearman ×1
Mapa de la partida
Recursos iniciales + cada clic de construcción. Líneas = muros · curvas = relieve. ◆ oro · ⬟ piedra · ● bayas · ✦ reliquia · ◌ hueco del cierre
Tu base· Abierta — flanco sin cerrar
Base de Pezeteros· Abierta — hueco de 7t
Terreno inicial suavizado · ◌ = hueco del cierre detectado · pasá el cursor para detalles
Inputs por minuto
— SneakySalmon - - Pezeteros
Build order — SneakySalmon
Primeras 150 de 458 acciones detectadas
| 0:00 | Crear | Villager (Male) |
| 0:00 | Crear | Villager (Male) |
| 0:01 | Crear | Villager (Male) |
| 0:01 | Crear | Villager (Male) |
| 0:01 | Crear | Villager (Male) |
| 0:02 | Construir | House |
| 0:03 | Construir | House |
| 1:30 | Construir | Lumber Camp |
| 1:41 | Crear | Villager (Male) |
| 1:42 | Crear | Villager (Male) |
| 2:02 | Crear | Villager (Male) |
| 2:23 | Crear | Villager (Male) |
| 2:54 | Construir | House |
| 2:56 | Crear | Villager (Male) |
| 2:57 | Crear | Villager (Male) |
| 3:24 | Crear | Villager (Male) |
| 3:25 | Crear | Villager (Male) |
| 3:26 | Construir | Dock |
| 3:29 | Construir | Palisade Wall |
| 3:30 | Construir | Palisade Wall |
| 3:55 | Crear | Villager (Male) |
| 3:55 | Crear | Villager (Male) |
| 4:08 | Crear | Fishing Ship |
| 4:19 | Crear | Villager (Male) |
| 4:35 | Crear | Fishing Ship |
| 4:42 | Crear | Villager (Male) |
| 4:53 | Construir | House |
| 5:08 | Crear | Villager (Male) |
| 5:23 | Crear | Fishing Ship |
| 5:26 | Crear | Villager (Male) |
| 5:29 | Construir | House |
| 5:35 | Construir | Palisade Wall |
| 5:51 | Crear | Villager (Male) |
| 6:02 | Construir | Palisade Wall |
| 6:14 | Crear | Villager (Male) |
| 6:15 | Crear | Fishing Ship |
| 6:39 | Crear | Villager (Male) |
| 6:51 | Crear | Fishing Ship |
| 6:59 | Construir | House |
| 7:01 | Construir | Palisade Wall |
| 7:07 | Investigar | Loom |
| 7:46 | Investigar | Feudal Age |
| 7:46 | Investigar | Feudal Age |
| 7:55 | Construir | Lumber Camp |
| 8:00 | Construir | House |
| 8:35 | Crear | Fishing Ship |
| 9:08 | Construir | Barracks |
| 9:27 | Crear | Villager (Male) |
| 9:39 | Crear | Fishing Ship |
| 9:56 | Edad | Edad Feudal |
| 10:02 | Construir | Archery Range |
| 10:02 | Crear | Spearman |
| 10:09 | Investigar | Double-Bit Axe |
| 10:09 | Investigar | Double-Bit Axe |
| 10:10 | Crear | Villager (Male) |
| 10:33 | Crear | Fishing Ship |
| 10:35 | Crear | Villager (Male) |
| 10:45 | Construir | Mining Camp |
| 10:47 | Crear | Archer |
| 10:51 | Construir | House |
| 10:56 | Crear | Villager (Male) |
| 11:04 | Construir | Palisade Wall |
| 11:12 | Crear | Villager (Male) |
| 11:26 | Crear | Villager (Male) |
| 11:30 | Crear | Fishing Ship |
| 11:34 | Investigar | Tech 906 |
| 11:40 | Crear | Villager (Male) |
| 11:44 | Crear | Archer |
| 12:10 | Construir | House |
| 12:11 | Construir | Palisade Wall |
| 12:11 | Crear | Archer |
| 12:12 | Crear | Villager (Male) |
| 12:16 | Construir | Dock |
| 12:21 | Crear | Fishing Ship |
| 12:25 | Crear | Archer |
| 12:27 | Crear | Villager (Male) |
| 12:42 | Construir | Palisade Wall |
| 12:43 | Construir | Palisade Wall |
| 13:07 | Crear | Villager (Male) |
| 13:14 | Crear | Fishing Ship |
| 13:14 | Crear | Fishing Ship |
| 13:24 | Construir | Blacksmith |
| 13:26 | Crear | Archer |
| 13:34 | Crear | Villager (Male) |
| 13:41 | Crear | Fishing Ship |
| 14:28 | Crear | Fishing Ship |
| 14:44 | Construir | House |
| 14:46 | Construir | House |
| 14:52 | Construir | Archery Range |
| 15:03 | Crear | Archer |
| 15:17 | Investigar | Castle Age |
| 15:17 | Investigar | Castle Age |
| 15:25 | Crear | Archer |
| 15:30 | Investigar | Fletching |
| 15:30 | Investigar | Fletching |
| 15:39 | Crear | Galley |
| 15:43 | Crear | Archer |
| 15:44 | Crear | Archer |
| 15:55 | Investigar | Gold Mining |
| 16:02 | Crear | Archer |
| 16:02 | Crear | Archer |
| 16:16 | Construir | House |
| 16:17 | Construir | House |
| 16:21 | Construir | House |
| 16:32 | Investigar | Padded Archer Armor |
| 16:47 | Crear | Archer |
| 16:47 | Crear | Archer |
| 17:07 | Crear | Fishing Ship |
| 17:15 | Crear | Archer |
| 17:16 | Crear | Archer |
| 17:57 | Edad | Edad de los Castillos |
| 17:59 | Construir | University |
| 18:01 | Investigar | Crossbowman (upgrade) |
| 18:02 | Investigar | Bodkin Arrow |
| 18:02 | Investigar | Bow Saw |
| 18:12 | Crear | Villager (Male) |
| 18:22 | Crear | Villager (Male) |
| 18:22 | Crear | Villager (Male) |
| 18:34 | Crear | Archer |
| 18:34 | Crear | Archer |
| 18:58 | Investigar | Ballistics |
| 19:05 | Crear | Archer |
| 19:06 | Crear | Archer |
| 19:25 | Crear | Villager (Male) |
| 19:30 | Crear | Archer |
| 19:30 | Crear | Archer |
| 19:57 | Crear | Villager (Male) |
| 19:57 | Crear | Villager (Male) |
| 19:58 | Crear | Archer |
| 19:59 | Crear | Archer |
| 20:06 | Construir | Town Center |
| 20:10 | Investigar | Gillnets |
| 20:15 | Crear | Fishing Ship |
| 20:17 | Investigar | Gillnets |
| 20:31 | Crear | Archer |
| 20:31 | Crear | Archer |
| 20:38 | Construir | House |
| 20:41 | Crear | Villager (Male) |
| 21:07 | Crear | Archer |
| 21:07 | Crear | Archer |
| 21:08 | Crear | Villager (Male) |
| 21:13 | Crear | Villager (Male) |
| 21:19 | Construir | Siege Workshop |
| 21:26 | Investigar | Leather Archer Armor |
| 21:30 | Crear | Villager (Male) |
| 21:33 | Construir | Town Center |
| 21:35 | Crear | Archer |
| 21:35 | Crear | Archer |
| 21:42 | Construir | House |
| 21:44 | Crear | Villager (Male) |
Build order — Pezeteros
Primeras 150 de 352 acciones detectadas
| 0:00 | Crear | Villager (Male) |
| 0:02 | Construir | House |
| 0:03 | Construir | House |
| 0:07 | Crear | Villager (Male) ×3 |
| 1:30 | Crear | Villager (Male) |
| 1:30 | Crear | Villager (Male) |
| 2:00 | Crear | Villager (Male) |
| 2:21 | Crear | Villager (Male) |
| 2:23 | Construir | Lumber Camp |
| 2:59 | Crear | Villager (Male) |
| 3:00 | Crear | Villager (Male) |
| 3:45 | Crear | Villager (Male) |
| 3:56 | Construir | House |
| 4:03 | Crear | Villager (Male) |
| 4:03 | Crear | Villager (Male) |
| 4:36 | Crear | Villager (Male) |
| 4:36 | Crear | Villager (Male) |
| 4:58 | Construir | Dock |
| 5:02 | Construir | Palisade Wall |
| 5:04 | Construir | Palisade Wall |
| 5:19 | Construir | House |
| 5:25 | Crear | Villager (Male) |
| 5:47 | Crear | Villager (Male) |
| 6:00 | Crear | Villager (Male) |
| 6:19 | Crear | Fishing Ship |
| 6:20 | Crear | Fishing Ship |
| 6:31 | Crear | Villager (Male) |
| 7:04 | Investigar | Loom |
| 7:37 | Investigar | Feudal Age |
| 7:57 | Crear | Fishing Ship |
| 8:02 | Construir | Barracks |
| 8:11 | Construir | House |
| 8:12 | Construir | House |
| 8:46 | Construir | Mining Camp |
| 9:17 | Crear | Villager (Male) |
| 9:47 | Edad | Edad Feudal |
| 9:48 | Construir | Archery Range |
| 9:51 | Investigar | Double-Bit Axe |
| 9:54 | Crear | Villager (Male) |
| 10:05 | Crear | Spearman |
| 10:30 | Crear | Fishing Ship |
| 10:32 | Crear | Villager (Male) |
| 10:42 | Crear | Archer |
| 10:57 | Crear | Villager (Male) |
| 11:02 | Construir | Blacksmith |
| 11:13 | Crear | Archer |
| 11:27 | Crear | Villager (Male) |
| 11:42 | Crear | Villager (Male) |
| 11:44 | Crear | Fishing Ship |
| 11:53 | Construir | House |
| 11:55 | Crear | Villager (Male) |
| 12:01 | Construir | House |
| 12:08 | Construir | House |
| 12:15 | Crear | Archer |
| 12:20 | Construir | House |
| 12:24 | Investigar | Fletching |
| 12:31 | Crear | Villager (Male) |
| 13:00 | Crear | Villager (Male) |
| 13:03 | Construir | Mill |
| 13:13 | Crear | Archer |
| 13:21 | Construir | House |
| 13:22 | Construir | Palisade Wall |
| 13:27 | Construir | House |
| 13:37 | Crear | Villager (Male) |
| 13:43 | Construir | Dock |
| 13:50 | Construir | Palisade Wall |
| 13:51 | Construir | Palisade Wall |
| 13:59 | Crear | Archer |
| 13:59 | Crear | Villager (Male) |
| 14:07 | Crear | Villager (Male) |
| 14:11 | Construir | Archery Range |
| 14:14 | Construir | House |
| 14:15 | Construir | House |
| 14:16 | Construir | Palisade Wall |
| 14:23 | Investigar | Padded Archer Armor |
| 14:26 | Crear | Villager (Male) |
| 14:44 | Construir | House |
| 14:45 | Construir | House |
| 14:46 | Construir | House |
| 14:52 | Crear | Villager (Male) |
| 14:55 | Crear | Demolition Raft |
| 14:57 | Crear | Fishing Ship |
| 15:04 | Crear | Archer |
| 15:09 | Crear | Villager (Male) |
| 15:21 | Crear | Archer |
| 15:21 | Crear | Archer |
| 15:26 | Crear | Villager (Male) |
| 15:27 | Construir | Farm |
| 15:29 | Construir | Farm |
| 15:32 | Crear | Villager (Male) |
| 15:49 | Crear | Archer |
| 15:49 | Crear | Archer |
| 15:56 | Crear | Fishing Ship |
| 15:57 | Crear | Fishing Ship |
| 15:58 | Crear | Fishing Ship |
| 15:59 | Crear | Fishing Ship |
| 16:07 | Crear | Villager (Male) |
| 16:13 | Construir | House |
| 16:23 | Crear | Archer |
| 16:24 | Crear | Archer |
| 16:24 | Crear | Villager (Male) |
| 16:53 | Crear | Villager (Male) |
| 16:56 | Construir | House |
| 17:29 | Investigar | Castle Age |
| 17:34 | Investigar | Gold Mining |
| 17:42 | Construir | House |
| 17:52 | Crear | Archer |
| 17:57 | Crear | Villager (Male) |
| 17:57 | Crear | Villager (Male) |
| 18:00 | Construir | House |
| 18:23 | Crear | Archer |
| 18:23 | Crear | Archer |
| 18:25 | Crear | Archer |
| 18:28 | Construir | House |
| 18:48 | Crear | Fishing Ship |
| 18:50 | Crear | Fishing Ship |
| 18:57 | Construir | House |
| 19:01 | Construir | House |
| 19:36 | Construir | Lumber Camp |
| 19:43 | Crear | Archer |
| 19:43 | Crear | Archer |
| 20:09 | Edad | Edad de los Castillos |
| 20:12 | Investigar | Crossbowman (upgrade) |
| 20:13 | Investigar | Bodkin Arrow |
| 20:19 | Construir | University |
| 20:31 | Crear | Villager (Male) |
| 20:31 | Crear | Villager (Male) |
| 20:52 | Crear | Villager (Male) |
| 21:11 | Crear | Villager (Male) |
| 21:11 | Crear | Villager (Male) |
| 21:13 | Crear | Villager (Male) |
| 21:14 | Crear | Villager (Male) |
| 21:18 | Construir | Town Center |
| 21:21 | Investigar | Ballistics |
| 21:24 | Crear | Archer |
| 21:25 | Crear | Archer |
| 21:28 | Crear | Villager (Male) |
| 21:29 | Crear | Villager (Male) |
| 21:39 | Crear | Archer |
| 21:39 | Crear | Archer |
| 21:50 | Crear | Villager (Male) |
| 21:51 | Crear | Villager (Male) |
| 21:51 | Crear | Archer |
| 21:52 | Crear | Archer |
| 22:05 | Crear | Archer |
| 22:05 | Crear | Archer |
| 22:13 | Construir | House |
| 22:20 | Crear | Villager (Male) |
| 22:20 | Crear | Villager (Male) |
| 22:59 | Crear | Archer |
Cronología de la partida
| 3:26 | SneakySalmon · first_building Dock |
| 3:29 | SneakySalmon · wall_segment Palisade Wall x1 |
| 3:30 | SneakySalmon · wall_segment Palisade Wall x1 |
| 4:58 | Pezeteros · first_building Dock |
| 5:02 | Pezeteros · wall_segment Palisade Wall x1 |
| 5:04 | Pezeteros · wall_segment Palisade Wall x1 |
| 5:35 | SneakySalmon · wall_segment Palisade Wall x3 |
| 6:02 | SneakySalmon · wall_segment Palisade Wall x2 |
| 7:01 | SneakySalmon · wall_segment Palisade Wall x3 |
| 8:02 | Pezeteros · first_building Barracks |
| 9:08 | SneakySalmon · first_building Barracks |
| 9:47 | Pezeteros · age_up feudal |
| 9:48 | Pezeteros · first_building Archery Range |
| 9:56 | SneakySalmon · age_up feudal |
| 10:02 | SneakySalmon · first_building Archery Range |
| 11:04 | SneakySalmon · wall_segment Palisade Wall x7 |
| 12:11 | SneakySalmon · wall_segment Palisade Wall x2 |
| 12:42 | SneakySalmon · wall_segment Palisade Wall x8 |
| 12:43 | SneakySalmon · wall_segment Palisade Wall x1 |
| 13:22 | Pezeteros · wall_segment Palisade Wall x1 |
| 13:50 | Pezeteros · wall_segment Palisade Wall x1 |
| 13:51 | Pezeteros · wall_segment Palisade Wall x1 |
| 14:16 | Pezeteros · wall_segment Palisade Wall x1 |
| 17:57 | SneakySalmon · age_up castle |
| 20:09 | Pezeteros · age_up castle |
| 21:19 | SneakySalmon · first_building Siege Workshop |
| 23:25 | Pezeteros · first_building Siege Workshop |
| 25:05 | SneakySalmon · first_building Monastery |
| 29:29 | SneakySalmon · first_market_sell 100 food |
| 29:51 | Pezeteros · first_building Stable |
| 30:52 | Pezeteros · first_building Monastery |
| 32:40 | SneakySalmon · age_up imperial |
| 33:21 | SneakySalmon · first_building Castle |
| 37:52 | Pezeteros · resign |
[ ANÁLISIS IA · 1 CRÉDITO ]
¿Qué pasó realmente en esta partida?
Wolo.gg analiza cada decisión: build order, eco, micro, errores típicos por bracket. Análisis personalizado por WhatsApp o Discord en 30 segundos.
Guía civ
Vikingos
Perfil
SneakySalmon